Unix NetHack Version 5.0.0-0 post-release - last build May 23 2026 06:08:33 (1c0ff79ee797540d5714e4e18072db0edd9e58ae,branch:main).

Game began 2026-05-27 17:13:10, ended 2026-05-27 17:27:45.

CyberFan, lawful female human Priestess

                                    #
                                ----|-----------
   ---------------              |..............|
   |..........>..|              |..........%...|                 -------------
   |.....@of.....-#            #-...............#########        |.......<...|
   -------|-------[            #|..............|        ###      |...........|
                  #            #--.-------------          #      |......(....|
                 ##            #  ########                ##     |...........|
                 #             #         ########          ####  |...........|
                ##             #             ---.-         ######............|
                #--------------#             |.^.|      #####    --|----------
                #|............|#             |....#######          #
                #-.............#             |...|
                 |............|              |...|
                 |............|              |...|
                 |............|              -----
                 --------------

CyberFan the Acolyte         St:9 Dx:18 Co:14 In:9 Wi:18 Ch:8  Lawful
Dlvl:6  $:214 HP:0(42) Pw:34(34) AC:5  Xp:5/166 T:3257  Stressed

Latest messages:
 In what direction?
 The door resists!
 In what direction?
 The door resists!
 That door is closed.
 In what direction?
 The door resists!
 In what direction?
 The door resists!
 In what direction?
 The door opens.
 You hit the leprechaun!
 The leprechaun wakes up!
 The leprechaun screams!
 The leprechaun hits!
 Your purse feels lighter.
 The leprechaun vanishes!
 The Uruk-hai thrusts her crude short sword.
 The Uruk-hai hits!
 You hit the Uruk-hai!
 The Uruk-hai thrusts her crude short sword.
 The Uruk-hai hits!
 You kill the Uruk-hai!
 You hit the violet fungus!
 You kill the violet fungus!
 Welcome to experience level 5.
 You see here an uncursed gnome corpse.
 Your kitten eats an uncursed Uruk-hai corpse.
 You see here an uncursed gnome corpse.
 You have trouble lifting an uncursed gnome corpse.  Continue? [ynq] (q)
 You have trouble lifting U - an uncursed gnome corpse.
 You rebalance your load.  Movement is difficult.
 The Uruk-hai wields an uncursed crude short sword!
 The Uruk-hai thrusts her crude short sword.
 The Uruk-hai misses!
 The Uruk-hai thrusts her crude short sword.
 The Uruk-hai hits!
 The Uruk-hai thrusts her crude short sword.
 The Uruk-hai hits!
 #
 What do you want to sacrifice? [U or ?*]
 Nothing happens.
 The Uruk-hai thrusts her crude short sword.
 The Uruk-hai hits!
 The kitten bites the Uruk-hai.
 The Uruk-hai thrusts her crude short sword at the kitten.
 The Uruk-hai hits the kitten.
 The Uruk-hai thrusts her crude short sword.
 The Uruk-hai hits!
 You die...

Inventory:
 Coins    ('$')
  $ - 214 gold pieces
 Amulets  ('"')
  A - an uncursed amulet versus poison (being worn)
 Weapons  (')')
  a - a blessed +1 mace (weapon in right hand)
 Armor    ('[')
  c - an uncursed +0 small shield (being worn)
  b - an uncursed +0 robe (being worn)
  S - an uncursed +0 leather armor (being worn)
 Comestibles  ('%')
  C - an uncursed carrot
  e - an uncursed clove of garlic
  N - 2 uncursed food rations
  f - an uncursed sprig of wolfsbane
  U - an uncursed gnome corpse
 Scrolls  ('?')
  B - a cursed scroll of blank paper
  s - a cursed scroll of enchant weapon
  t - an uncursed scroll of fire
  k - an uncursed scroll of identify
  r - a cursed scroll of magic mapping
  m - an uncursed scroll of remove curse
  o - an uncursed scroll of teleportation
 Potions  ('!')
  E - an uncursed potion of gain level
  l - a blessed potion of healing
  L - 3 uncursed potions of healing
  y - a cursed potion of healing
  P - a cursed potion of object detection
  d - 4 potions of holy water
  M - an uncursed potion of water
 Rings    ('=')
  p - an uncursed ring of teleport control
 Wands    ('/')
  u - an uncursed wand of teleportation (0:6)
 Tools    ('(')
  i - an uncursed magic marker (0:20)
  K - an uncursed skeleton key
 Gems/Stones  ('*')
  R - an uncursed chrysoberyl stone
  j - an uncursed worthless piece of yellowish brown glass

CyberFan the Priestess's attributes:

Background:
 You were an Acolyte, a level 5 human Priestess.
 You were lawful, on a mission for Mercury
 who was opposed by Venus (neutral) and Mars (chaotic).
 You were right-handed.
 You were in the Dungeons of Doom, on level 6.
 You entered the dungeon 3257 turns ago.
 You had 166 experience points, 154 more were needed to attain level 6.

Basics:
 You had 0 out of 42 hit points.
 You had all 34 energy points (spell power).
 Your armor class was 5.
 Your wallet contained 214 zorkmids.
 Autopickup was on for '$%?!"=/*' plus thrown, with exceptions.

Final Characteristics:
 Your strength was 9 (limit:18/100).
 Your dexterity was 18 (limit:18).
 Your constitution was 14 (limit:18).
 Your intelligence was 9 (limit:18).
 Your wisdom was 18 (limit:18).
 Your charisma was 8 (limit:18).

Final Status:
 You weren't hungry.
 You were stressed; movement was moderately slowed.
 You were wielding a mace.
 You were skilled in mace.

Final Attributes:
 You were piously aligned.
 You were poison resistant.
 You were guarded.
 Your spell casting was enhanced by wearing a robe.
 You are dead.

Miscellaneous:
 You disabled loading and storing of bones levels.
 Total elapsed playing time was 14 minutes and 35 seconds.

Major events:
 Turn
    1: CyberFan the lawful human Priestess entered the dungeon
  794: entered the Gnomish Mines
 1066: attained the rank of Acolyte (level 3)
 3257: killed by an Uruk-hai

Spells:
 Name                 Level Category     Fail Retention
 detect monsters        1   divination     0%  76%-100%
 detect unseen          3   divination    74%  76%-100%

Skills:
 Fighting Skills
   bare handed combat [Unskilled]
 Weapon Skills
   club               [Unskilled]
   mace               [Skilled]
   morning star       [Unskilled]
   flail              [Unskilled]
   hammer             [Unskilled]
   quarterstaff       [Unskilled]
   polearms           [Unskilled]
   spear              [Unskilled]
   trident            [Unskilled]
   lance              [Unskilled]
   bow                [Unskilled]
   sling              [Unskilled]
   crossbow           [Unskilled]
   dart               [Unskilled]
   shuriken           [Unskilled]
   boomerang          [Unskilled]
   unicorn horn       [Unskilled]
 Spellcasting Skills
   healing spells     [Unskilled]
   divination spells  [Unskilled]
   clerical spells    [Basic]

Voluntary challenges:
 Character rerolling was not enabled.
 You never genocided any monsters.
 You never polymorphed an object.
 You never changed form.
 You used no wishes.
Achievements:
 You entered a shop.
 You entered the Gnomish Mines.
 You attained the rank of Acolyte.

 The Dungeons of Doom: levels 1 to 6
    Level 1:
       A fountain.
    Level 2:
       A food shop, some fountains.
    Level 3:
       A weapon shop, many altars, some fountains, a sink.
       Stairs down to The Gnomish Mines.
    Level 4:
       A general store.
    Level 5:
       Some fountains.
    Level 6: <- You were here.
       An altar to Mercury.
       Final resting place for
          you, killed by an Uruk-hai.
 The Gnomish Mines:
    Level 4:


Vanquished creatures:
 an Uruk-hai
  a rock piercer
  2 shriekers
  a violet fungus
  a dwarf
  a homunculus
  a giant bat
  2 werejackals
 an iguana
 an acid blob
  a hobbit
  a hobgoblin
  a giant rat
  a cave spider
  2 red molds
  2 garter snakes
  2 gnome zombies
  2 geckos
  7 jackals
  a fox
  a kobold
  2 goblins
  3 sewer rats
  5 grid bugs
  4 lichens
  2 kobold zombies
  5 newts
54 creatures vanquished.

No species were genocided or became extinct.

Game over:
                       ----------
                      /          \
                     /    REST    \
                    /      IN      \
                   /     PEACE      \
                  /                  \
                  |     CyberFan     |
                  |      214 Au      |
                  |   killed by an   |
                  |     Uruk-hai     |
                  |                  |
                  |                  |
                  |       2026       |
                 *|     *  *  *      | *
        _________)/\\_//(\/(/\)/\//\/|_)_______

Goodbye CyberFan the Priestess...

You died in The Dungeons of Doom on dungeon level 6 with 1117 points,
and 214 pieces of gold, after 3257 moves.
You were level 5 with a maximum of 42 hit points when you died.

